 Dungeon Crawl Stone Soup version 0.29.1-2-gbd0b4ee654 (webtiles) character file.

Game seed: 9215282356605183834

71341 croobank the Spry (level 14, -3/72 HPs)
             Began as a Felid Summoner on Oct 25, 2022.
             Was an Initiate of Gozag.
             Slain by a culicivora (9 damage)
             ... on level 3 of the Spider Nest.
             The game lasted 03:42:27 (43225 turns).

croobank the Spry (Felid Summoner)                 Turns: 43225, Time: 03:42:28

Health: -3/72      AC:  3    Str:  4      XL:     14   Next: 97%
Magic:  20/31      EV: 31    Int: 29 (30) God:    Gozag
Gold:   725        SH:  0    Dex: 17      Spells: 3/38 levels left
                                        Lives:  0   Deaths: 3

rFire   . . .      SeeInvis +   (weapon unavailable)
rCold   + . .      Faith    .   (shield unavailable)
rNeg    . . .      Spirit   .   (body armour unavailable)
rPois   +          Reflect  .   (helmet unavailable)
rElec   .          Harm     .   (cloak unavailable)
rCorr   .          Rampage  .   (gloves unavailable)
Will    ++...                   (boots unavailable)
Stlth   ++........              r - amulet of magic regeneration
HPRegen 0.22/turn               M - ring of poison resistance
MPRegen 0.62/turn               x - +6 ring of intelligence

@: studying Invocations, quick
A: very small, claws 1, fangs 3, see invisible, speed 1, shaggy fur 3, stealthy
paws, no weapons or thrown items, no armour, multi-lived
a: Renounce Religion, Potion Petition, Call Merchant, Bribe Branch


You were on level 3 of the Spider Nest.
You worshipped Gozag.
Gozag was pleased with you.
You visited 6 branches of the dungeon, and saw 24 of its levels.

You collected 8088 gold pieces.
You spent 3257 gold pieces at shops.
You paid 4106 gold pieces to Gozag.

Inventory:

Hand Weapons
 p - a +0 dagger
 s - a +0 dagger
 I - a +0 spear
Jewellery
 b - the ring "Loupok" {Will+ Str+2}
   (You bought it in a shop on level 1 of the Orcish Mines)

   [ring of willpower]

   Str:       It affects your strength (+2).
   Will:      It increases your willpower.
 m - a +6 ring of dexterity
 o - a ring of ice
 r - an amulet of magic regeneration (around neck)
 x - a +6 ring of intelligence (right paw)
 y - the amulet of the Coward {Spirit Drain rC+++ Int-5 Stlth+}
   (You took it off an orc wizard on level 9 of the Dungeon)

   [amulet of guardian spirit]

   It causes incoming damage to be divided between your reserves of health and
   magic.
   Int:       It affects your intelligence (-5).
   rC:        It renders you almost immune to cold.
   Drain:     It drains your maximum health when unequipped.
   Stlth:     It makes you more stealthy.
 G - an amulet of guardian spirit
 J - the amulet of Sovereignty {Faith rPois}
   (You found it on level 3 of the Lair of Beasts)

   [amulet of faith]

   It allows you to gain divine favour quickly.
   rPois:     It protects you from poison.
 M - a ring of poison resistance (left paw)
 N - a +4 ring of protection
Wands
 a - a wand of charming (6)
 e - a wand of flame (16)
 n - a wand of mindburst (13)
 t - a wand of light (14)
 A - a wand of roots (1)
 C - a wand of polymorph (15)
 D - a wand of digging (1)
Scrolls
 d - a scroll of butterflies
 j - 5 scrolls of noise
 q - 2 scrolls of amnesia
 w - 2 scrolls of immolation
 z - 6 scrolls of vulnerability
 K - 2 scrolls of torment
 O - 3 scrolls of identify
 P - 2 scrolls of poison
 R - a scroll of magic mapping
Potions
 c - 9 potions of curing
 f - 3 potions of mutation
 g - a potion of flight {unknown}
 h - 2 potions of attraction
 i - 2 potions of lignification
 k - 5 potions of cancellation
 l - a potion of berserk rage
 u - 2 potions of haste
 v - 2 potions of ambrosia
 E - a potion of might
 L - a potion of magic
 Q - 3 potions of brilliance
Miscellaneous
 F - a tin of tremorstones (2/2)


   Skills:
 * Level 14.6 Fighting
 * Level 18.9 Dodging
 - Level 2.8 Stealth
 * Level 12.6 Spellcasting
 - Level 7.0 Hexes
 - Level 15.0 Summonings
 + Level 4.0 Transmutations
 + Level 7.9 Air Magic
 + Level 7.0 Invocations


You had 3 spell levels left.
You knew the following spells:

 Your Spells              Type           Power      Damage    Failure   Level
a - Summon Small Mammal   Summ           100%       N/A       0%          1
b - Call Imp              Summ           81%        N/A       0%          2
c - Call Canine Familiar  Summ           81%        N/A       1%          3
d - Summon Guardian Gole  Hex/Summ       70%        N/A       1%          3
e - Summon Lightning Spi  Summ/Air       71%        N/A       1%          4
f - Summon Mana Viper     Hex/Summ       70%        N/A       1%          5
g - Summon Ice Beast      Ice/Summ       58%        N/A       1%          4
h - Monstrous Menagerie   Summ           40%        N/A       4%          7
i - Blink                 Tloc           36%        N/A       4%          2
j - Airstrike             Air            29%        2d(5-21)  1%          4

Your spell library contained the following spells:

 Spells                   Type           Power      Damage    Failure   Level
 Shock                    Conj/Air       100%       1d9       1%          1
 Ensorcelled Hibernation  Hex/Ice        76%        N/A       1%          2
 Static Discharge         Conj/Air       41%        3-9/arc   1%          2
 Swiftness                Air            59%        N/A       1%          3
 Freeze                   Ice            72%        1d9       2%          1
 Ignite Poison            Fire/Tmut/Pois 26%        N/A       4%          3
 Conjure Flame            Conj/Fire      18%        6-21      9%          3
 Frozen Ramparts          Ice            36%        1d6       9%          3
 Gell's Gravitas          Tloc           18%        N/A       9%          3
 Lesser Beckoning         Tloc           18%        N/A       9%          3
 Ozocubu's Armour         Ice            18%        N/A       9%          3
 Teleport Other           Tloc           18%        N/A       9%          3
 Leda's Liquefaction      Hex/Erth       19%        N/A       7%          4
 Ice Form                 Ice/Tmut       29%        N/A       12%         4
 Freezing Cloud           Conj/Ice/Air   16%        6-21      26%         5
 Dispel Undead            Necr           18%        3d11      28%         4
 Hailstorm                Conj/Ice       18%        3d6       28%         4
 Sticky Flame             Conj/Fire      18%        2d4       28%         4
 Summon Horrible Things   Summ           40%        N/A       36%         8
 Borgnjor's Vile Clutch   Necr/Erth      9%         N/A       61%         5
 Manifold Assault         Tloc           18%        N/A       61%         5
 Malign Gateway           Summ/Tloc      29%        N/A       73%         7
 Storm Form               Tmut/Air       26%        N/A       91%         7
 Death Channel            Necr           9%         N/A       99%         6
 Polar Vortex             Ice            9%         N/A       100%        9
 Portal Projectile        Hex/Tloc       Unusable   N/A       N/A         3
 Corpse Rot               Necr/Pois/Air  Unusable   N/A       N/A         4
 Animate Dead             Necr           Unusable   N/A       N/A         4
 Simulacrum               Ice/Necr       Unusable   N/A       N/A         6

Dungeon Overview and Level Annotations

Branches:
Dungeon (11/15)            Temple (1/1) D:7            Lair (5/5) D:9
 Shoals (0/4) Lair:2       Spider (3/4) Lair:2        Slime (0/5) Lair:4
    Orc (2/2) D:9             Elf (2/3) Orc:2

Altars:
Ashenzari
Dithmenos
Fedhas
Gozag
Hepliaklqana
Kikubaaqudgha
Makhleb
Nemelex Xobeh
Okawaru
Qazlal
Ru
Sif Muna
Trog
Uskayaw
Vehumet
Wu Jian
Xom
Yredelemnul
Zin
The Shining One
Jiyva

Shops:
Orc:1 =   Orc:2 :*[(:   Elf:1 !

Annotations:
D:3 1 runed translucent door, Crazy Yiuf
D:9 1 runed translucent door
Spider:2 Roxanne


Innate Abilities, Weirdness & Mutations

You have sharp claws.
You have razor-sharp teeth.
You have supernaturally acute eyesight. (SInv)
You cover ground quickly. (Speed+)
Your thick and shaggy fur keeps you warm. (AC +3, rC+)
Your paws help you pounce on unaware monsters.
You are incapable of wielding weapons or throwing items.
You cannot wear armour.
You gain extra lives every three experience levels.


Message History

Press: ? - help, Dir - move target, f - ghost moth
Aim: a ghost moth (slightly transparent, ally target) Attack!
Your mana viper bites the ghost moth.
The ghost moth's magic leaks into the air.
Your warg bites the ghost moth but does no damage.
The culicivora completely misses you.
Found a potion of haste.
Your mana viper barely misses the ghost moth.
The ghost moth hits your warg! x2; The ghost moth stings your warg.
The culicivora bites you!
The culicivora draws strength from your injuries!
Your warg bites the ghost moth but does no damage.
The culicivora attacks as you move away!
The culicivora misses you.
The ghost moth's magic is no longer disrupted.
Your mana viper bites the ghost moth!
The ghost moth's magic leaks into the air.
Your warg bites the ghost moth!
Your mana viper bites the ghost moth!
The ghost moth's magic leaks into the air.
The culicivora attacks as you move away!
The culicivora bites you!!
The culicivora draws strength from your injuries!
Found a potion of lignification.
The ghost moth stares at you.
You feel your power leaking away. The ghost moth completely misses you.
The ghost moth hits you! The ghost moth stings you!
* * * LOW HITPOINT WARNING * * *
You feel dopey.
Your warg bites the ghost moth.
Your mana viper closely misses the ghost moth.
The ghost moth completely misses you. The ghost moth hits you!
* * * LOW HITPOINT WARNING * * *
The ghost moth misses you.
Your warg bites the ghost moth.
Your mana viper closely misses the ghost moth.
The culicivora completely misses you.
The culicivora attacks as you move away!
The culicivora bites you!
You die...
Your body crumbles into a pile of gold.

.. ##.. .#
####.#.##
#^##.......#
#>...^.....# .
##........... ..
##...........#
...#.#......<.!..
.....s.S@......#
...###..hys......#
#^...s........##
#. #.###.######..#
.. #....# #.! ..
##....#####.# # ..
#.###.###.......#
..
..#.#...........#
..
###...###...^....#


You could see a ghost moth (invisible, distracted, ally target, magic
disrupted), a culicivora, a jumping spider, a tarantella, a friendly mana viper
(summoned) and a friendly warg (summoned).

Vanquished Creatures
  An orc warlord (Orc:2)
  2 orc high priests (Orc:2)
  An orc knight (Orc:2)
  A deep elf pyromancer (Elf:1)
  A wolf spider (Spider:2)
  An elephant (Lair:2)
  A nameless horror (Elf:1)
  A blink frog (Lair:4)
  A jumping spider (Spider:3)
  2 wargs (Orc:2)
  2 water moccasins
  An orc warrior (Orc:2)
  2 electric eels (Lair:4)
  An orc (D:9)
  2 bats
  An endoplasm (D:4)
  A giant cockroach (D:3)
  A goblin (D:1)
  2 hobgoblins (D:2)
  A jackal (D:3)
  2 frilled lizards
  A kobold (D:4)
  An orc zombie (D:9)
  A rat (D:3)
31 creatures vanquished.

Vanquished Creatures (collateral kills)
  Mlioglotl (Spider:2)
  Gastronok (Lair:3)
  Kirke (Spider:2)
  An emperor scorpion (Spider:3)
  An orc warlord (Orc:1)
  A ghost moth (Spider:3)
  3 broodmothers
  A deep elf demonologist (Elf:1)
  A deep elf annihilator (Elf:1)
  4 entropy weavers
  5 spark wasps
  A deep elf death mage (Elf:1)
  A deep elf high priest (Elf:1)
  Harold (D:9)
  4 boulder beetles
  An ice dragon (shapeshifter) (Elf:1)
  2 jorogumos
  2 hydras
  A merfolk avatar (Lair:5)
  7 dancing weapons
  2 radroaches
  A two-headed ogre (D:10)
  3 orc high priests
  Urug (D:10)
  6 deep elf knights
  4 pharaoh ants
  5 steelbarb worms
  6 orb spiders
  2 sun moths
  3 deep elf archers
  A harpy (Lair:5)
  2 orc knights
  10 deep elf zephyrmancers
  12 deep elf pyromancers
  A harpy (shapeshifter) (Elf:1)
  5 orc sorcerers
  2 oklob plants (Lair:4)
  14 wolf spiders
  3 moths of wrath
  A manticore (Lair:5)
  31 elephants
  Maurice (D:10)
  7 black mambas
  3 merfolk sirens (Lair:2)
  3 torpor snails (Spider:2)
  3 rime drakes (Lair:5)
  5 komodo dragons
  5 cane toads
  2 demonic crawlers
  A merfolk (Lair:2)
  A troll (Orc:1)
  A meliai (Lair:2)
  10 polar bears
  2 hornets
  7 dream sheep (Lair:5)
  14 tarantellas
  Grinder (D:6)
  14 blink frogs
  An air elemental (Elf:1)
  3 snapping turtles (Lair:5)
  16 jumping spiders
  17 culicivoras
  4 shadows
  A vampire (D:10)
  10 wyverns
  A hog (Spider:2)
  27 yaks
  41 redbacks
  A basilisk (Lair:5)
  2 fire elementals
  A two-headed ogre zombie (D:9)
  4 wargs
  37 water moccasins
  12 nameless horrors
  2 acid dragons (D:9)
  3 sky beasts
  7 black bears
  23 orc warriors
  3 wolves (Lair:3)
  7 ogres
  4 centaurs
  A phantom (D:4)
  A kobold brigand (D:10)
  5 necrophages
  4 bullfrogs
  An earth elemental (Elf:1)
  5 wights
  7 killer bees
  A troll zombie (D:9)
  7 howler monkeys
  7 hounds
  5 jellies
  15 orc priests
  2 gnoll boudas
  17 orc wizards
  4 iguanas
  5 hell rats (Lair:4)
  6 ogre zombies (D:9)
  16 gnolls
  24 adders
  3 shadow imps
  An ufetubus (D:5)
  A worm (shapeshifter) (Elf:1)
  A dart slug (D:1)
  82 orcs
  10 endoplasms
  6 giant cockroaches
  8 goblins
  7 hobgoblins
  12 jackals
  11 kobolds
  2 quokkas
  7 ball pythons
  2 bats
  3 frilled lizards
  2 goblin skeletons (D:9)
  A hobgoblin skeleton (D:9)
  A hobgoblin zombie (D:9)
  A jackal skeleton (D:9)
  2 orc skeletons (D:9)
  15 orc zombies (D:9)
  5 rats
778 creatures vanquished.

Vanquished Creatures (others)
  A hydra (D:11)
  A two-headed ogre (D:8)
  A wolf spider (Spider:1)
  An orc sorcerer (Orc:1)
  2 elephants (Lair:1)
  A troll (Orc:1)
  2 hornets (D:8)
  2 blink frogs (Lair:2)
  2 humans (Spider:2)
  5 yaks
  A redback (Spider:1)
  5 orc warriors
  A centaur (D:6)
  A bullfrog (D:8)
  A scorpion (D:5)
  A gnoll sergeant (D:6)
  3 wights (D:7)
  3 jellies
  2 orc priests
  A gnoll bouda (D:5)
  An iguana (D:6)
  An orc wizard (D:6)
  8 gnolls
  4 orcs
  5 bushes
  83 fungi
  112 plants
251 creatures vanquished.

Grand Total: 1060 creatures vanquished

Notes
Turn   | Place    | Note
-------+----------+-------------------------------------------
     0 | D:1      | croobank the Felid Summoner began the quest for the Orb.
     0 | D:1      | Reached XP level 1. HP: 7/7 MP: 4/4
   264 | D:1      | Reached skill level 3 in Dodging
   344 | D:1      | Reached XP level 2. HP: 12/12 MP: 1/6
   347 | D:1      | Learned a level 2 spell: Call Imp
   748 | D:1      | Found a faded altar of an unknown god.
   838 | D:1      | Reached skill level 1 in Fighting
   872 | D:1      | Reached XP level 3. HP: 15/15 MP: 4/7
   876 | D:1      | Learned a level 3 spell: Call Canine Familiar
  1995 | D:2      | Reached XP level 4. HP: 19/19 MP: 8/8
  2765 | D:3      | Reached skill level 4 in Dodging
  3119 | D:3      | Noticed an ogre
  3126 | D:3      | Killed an ogre
  3127 | D:3      | Reached XP level 5. HP: 23/23 MP: 3/10
  3132 | D:3      | Learned a level 3 spell: Summon Guardian Golem
  3483 | D:3      | Reached skill level 5 in Summonings
  3558 | D:3      | Got the Secrets of the Unified Glacier
  3587 | D:3      | Identified 2 scrolls of acquirement
  3587 | D:3      | Acquired a Grand Grimoire
  3589 | D:3      | Acquired a book of Beasts
  3601 | D:3      | Gained mutation: You are covered in thick fur. (AC +2)
                  | [Felid growth]
  3601 | D:3      | Reached XP level 6. HP: 27/27 MP: 11/11
  3618 | D:3      | Reached skill level 1 in Hexes
  3790 | D:3      | Found a runed translucent door.
  3791 | D:3      | Noticed Crazy Yiuf
  4276 | D:4      | Reached skill level 5 in Dodging
  4908 | D:4      | Reached XP level 7. HP: 31/31 MP: 10/13
  4913 | D:4      | Learned a level 4 spell: Summon Lightning Spire
  5450 | D:5      | Entered Level 5 of the Dungeon
  5560 | D:5      | Found an iron altar of Okawaru.
  5563 | D:5      | Found a shimmering altar of Xom.
  5723 | D:5      | Reached skill level 1 in Air Magic
  6742 | D:5      | Found a glowing silver altar of Zin.
  6744 | D:5      | Found an ornate altar of the Wu Jian Council.
  6744 | D:5      | Found a hazy altar of Hepliaklqana.
  6880 | D:6      | Reached skill level 6 in Dodging
  6910 | D:6      | Reached XP level 8. HP: 13/36 MP: 3/15
  6941 | D:6      | Noticed Grinder
  6984 | D:6      | Killed Grinder
  7161 | D:6      | Reached skill level 5 in Hexes
  7548 | D:6      | Reached skill level 7 in Dodging
  7814 | D:6      | Reached skill level 5 in Spellcasting
  8297 | D:6      | Reached skill level 5 in Fighting
  8297 | D:6      | Reached XP level 9. HP: 35/40 MP: 10/17
  8759 | D:7      | Found a staircase to the Ecumenical Temple.
  8767 | Temple   | Entered the Ecumenical Temple
  8800 | Temple   | Became a worshipper of Gozag Ym Sagoz the Greedy
  9359 | D:7      | Found an ancient bone altar of Kikubaaqudgha.
  9482 | D:7      | Found a shimmering blue altar of Sif Muna.
  9782 | D:8      | Reached skill level 8 in Dodging
  9791 | D:8      | Paralysed by a hornet for 1 turns
 10157 | D:8      | Noticed a boulder beetle
 10164 | D:8      | Noticed a two-headed ogre
 10497 | D:8      | Learned a level 5 spell: Summon Mana Viper
 10964 | D:8      | Killed a two-headed ogre
 10965 | D:8      | Reached skill level 9 in Dodging
 10965 | D:8      | Reached XP level 10. HP: 46/46 MP: 10/20
 11640 | D:8      | Killed a boulder beetle
 11641 | D:8      | Reached skill level 5 in Air Magic
 13074 | D:9      | Reached skill level 10 in Dodging
 13483 | D:9      | Found a staircase to the Lair.
 13599 | D:9      | Reached XP level 11. HP: 50/50 MP: 5/22
 13640 | D:9      | Identified the amulet of the Coward {Spirit Drain rC+++
                  | Int-5 Stlth+}
 14009 | D:9      | Found a staircase to the Orcish Mines.
 14244 | D:9      | Found a runed translucent door.
 14248 | D:9      | Found a basalt altar of Yredelemnul.
 14307 | D:9      | Found a shadowy altar of Dithmenos.
 14394 | D:9      | Noticed Harold
 14418 | D:9      | Killed Harold
 14589 | D:10     | Entered Level 10 of the Dungeon
 14589 | D:10     | Noticed a two-headed ogre
 14597 | D:10     | Killed a two-headed ogre
 15019 | D:10     | Noticed Maurice
 15037 | D:10     | Killed Maurice
 15141 | D:11     | Noticed a six-headed hydra
 15271 | D:11     | Killed a six-headed hydra
 15272 | D:11     | Reached skill level 11 in Dodging
 16220 | D:10     | Noticed Urug
 16230 | D:10     | Killed Urug
 16535 | Lair:1   | Entered Level 1 of the Lair of Beasts
 16553 | Lair:1   | HP: 2/51 [bullfrog (5)]
 16556 | Lair:1   | Slain by a bullfrog
 16557 | Lair:1   | Reached XP level 10. HP: -3/48 MP: 16/22
 17067 | Lair:1   | Noticed a six-headed hydra
 17089 | Lair:1   | Killed a six-headed hydra
 17206 | Lair:1   | Noticed a cane toad
 17215 | Lair:1   | Killed a cane toad
 17282 | Lair:1   | Killed a black mamba
 17292 | Lair:1   | Noticed an elephant
 17292 | Lair:1   | Noticed an elephant
 17308 | Lair:1   | Killed an elephant
 17308 | Lair:1   | Noticed an elephant
 17309 | Lair:1   | Reached XP level 11. HP: 52/52 MP: 5/24
 17918 | Lair:2   | Reached skill level 10 in Summonings
 17924 | Lair:2   | Reached skill level 12 in Dodging
 18679 | Lair:2   | Learned a level 4 spell: Summon Ice Beast
 19450 | Lair:2   | Found a hole to the Spider Nest.
 19457 | Lair:2   | Gained mutation: Your thick and shaggy fur keeps you warm.
                  | (AC +3, rC+) [Felid growth]
 19457 | Lair:2   | Reached XP level 12. HP: 58/58 MP: 17/26
 19469 | Lair:2   | Reached skill level 13 in Dodging
 19970 | Lair:2   | Reached skill level 10 in Fighting
 20139 | Lair:2   | Found a staircase to the Shoals.
 20715 | Lair:3   | Identified the +0 robe of Anuggorgh {rCorr}
 20783 | Lair:3   | Identified the amulet of Sovereignty {Faith rPois}
 20877 | Lair:3   | Noticed Gastronok
 20898 | Lair:3   | Killed Gastronok
 22277 | Lair:4   | Noticed a boulder beetle
 22290 | Lair:4   | Killed a boulder beetle
 22369 | Lair:4   | Noticed a six-headed hydra
 22378 | Lair:4   | Killed a six-headed hydra
 22443 | Lair:4   | Reached skill level 10 in Spellcasting
 22509 | Lair:4   | Reached skill level 14 in Dodging
 23338 | Lair:4   | Reached XP level 13. HP: 63/63 MP: 17/28
 23942 | Lair:4   | Found a viscous altar of Jiyva.
 24088 | Lair:4   | Found a staircase to the Slime Pits.
 24147 | Lair:4   | Identified the +2 pair of gloves "Olim" {rC++ Stlth-}
 24740 | Lair:5   | Entered Level 5 of the Lair of Beasts
 24789 | Lair:5   | Reached skill level 15 in Dodging
 25532 | Lair:5   | Learned a level 7 spell: Monstrous Menagerie
 26738 | Lair:5   | Reached skill level 16 in Dodging
 27030 | Lair:5   | Reached XP level 14. HP: 69/69 MP: 7/29
 28028 | Orc:1    | Entered Level 1 of the Orcish Mines
 28132 | Orc:1    | Found Baluid's Jewellery Boutique.
 28132 | Orc:1    | Noticed an orc warlord
 28142 | Orc:2    | Entered Level 2 of the Orcish Mines
 28367 | Orc:2    | Found Hawk's General Store.
 28633 | Orc:2    | Found Gucveomi's Book Emporium.
 28639 | Orc:2    | Bought an Inescapable Atlas for 544 gold pieces
 28979 | Orc:1    | Killed an orc warlord
 29464 | Orc:1    | Bought the ring "Loupok" {Will+ Str+2} for 651 gold pieces
 29464 | Orc:1    | Bought an amulet of magic regeneration for 540 gold pieces
 31785 | Orc:2    | Bought a scroll of vulnerability for 56 gold pieces
 31993 | Orc:2    | Found Santiu's Antique Armour Boutique.
 32009 | Orc:2    | Found a staircase to the Elven Halls.
 32018 | Orc:2    | Noticed an orc warlord
 32037 | Orc:2    | Killed an orc warlord
 32118 | Orc:2    | Found Rotuhuwn's Antique Weapon Shop.
 32201 | Orc:2    | Found Ocounk Gafe's Vocational Training.
 32218 | Orc:2    | Bought a manual of Invocations for 1200 gold pieces
 32679 | Elf:1    | Entered Level 1 of the Elven Halls
 32690 | Elf:1    | Reached skill level 1 in Invocations
 33062 | Orc:2    | Reached skill level 17 in Dodging
 34885 | Elf:1    | Reached XP level 15. HP: 74/74 MP: 26/31
 34933 | Elf:1    | Found Dokh's Distillery.
 34941 | Elf:1    | Bought a potion of haste for 190 gold pieces
 34941 | Elf:1    | Bought a potion of might for 76 gold pieces
 36389 | Elf:1    | HP: 3/74 [lindwurm collision (12)]
 36771 | Spider:1 | Entered Level 1 of the Spider Nest
 37024 | Spider:1 | Reached skill level 1 in Transmutations
 38250 | Spider:1 | Reached skill level 18 in Dodging
 38341 | Spider:1 | Reached skill level 5 in Invocations
 38878 | Spider:2 | Noticed Mlioglotl
 38890 | Spider:2 | Killed from afar by a raiju
 38891 | Spider:2 | Reached XP level 14. HP: -17/71 MP: 8/31
 38905 | Spider:2 | HP: 1/71 [wolf spider[a torpor snail] (22)]
 38918 | Spider:2 | Mangled by a redback
 38919 | Spider:2 | Reached XP level 13. HP: -9/67 MP: 30/30
 39249 | Spider:2 | Noticed a spark wasp
 39265 | Spider:2 | Killed a spark wasp
 39308 | Spider:2 | Noticed a spark wasp
 39319 | Spider:2 | Killed a spark wasp
 39363 | Spider:2 | Noticed a spark wasp
 39381 | Spider:2 | Killed a spark wasp
 39634 | Spider:2 | Noticed an entropy weaver
 39638 | Spider:2 | Reached XP level 14. HP: 71/72 MP: 2/31
 39664 | Spider:2 | Killed Mlioglotl
 40109 | Spider:2 | Noticed a broodmother
 40120 | Spider:2 | Killed a broodmother
 40130 | Spider:2 | Noticed Kirke
 40140 | Spider:2 | Killed Kirke
 40947 | Spider:2 | Noticed Roxanne
 41394 | Spider:3 | Noticed an emperor scorpion
 41713 | Spider:3 | Noticed a broodmother
 42346 | Spider:1 | Killed a broodmother
 42463 | Spider:2 | Learned a level 2 spell: Blink
 42468 | Spider:2 | Learned a level 4 spell: Airstrike
 42562 | Spider:3 | Noticed a broodmother
 42573 | Spider:3 | Killed a broodmother
 42742 | Spider:3 | Noticed a ghost moth
 42796 | Spider:3 | Killed a ghost moth
 42809 | Spider:3 | Reached skill level 15 in Summonings
 42940 | Spider:3 | Killed an emperor scorpion
 43217 | Spider:3 | Noticed a ghost moth
 43225 | Spider:3 | Slain by a culicivora

Illustrated notes

Levels and vault maps discovered:
D:1:      co_arrival_square_in_a_square_in_a_square, layout_basic,
          shapermc_ecumenical_altar_totnotflames
D:2:      layout_basic
D:3:      layout_loops_ring, kennysheep_generic_room_16, uniq_crazy_yiuf_cottage
D:4:      layout_gridville, hangedman_minor_gate_pass
D:5:      layout_loops_corners, nicolae_overflow_hidden_temple
D:6:      layout_basic, uniq_grinder
D:7:      layout_basic, mainiacjoe_overflow_small_starburst, lemuel_tele_altar,
          minmay_temple_entry_drinking_statues
D:8:      layout_layer_cave, minmay_fractal_squares_5
D:9:      layout_irregular_city, dk_yredelemnul_ordeal,
          mainiacjoe_overflow_alcove_1, minmay_lair_entry_grove,
          zombieorc2_lemuel, lightli_orcish_oven, uniq_harold
D:10:     layout_layer_cave, uniq_maurice, uniq_urug
D:11:     layout_basic
Temple:   nicolae_temple_bog_church
Lair:1:   layout_big_grid, infiniplex_staircase_pool_2
Lair:2:   beast_lair_carwin_large_2, layout_loops_ring,
          elwin_shoals_entry_stream, hellmonk_spider_entry_not_the_bees
Lair:3:   layout_layer_cave, roderic_carrion_pond, uniq_gastronok
Lair:4:   lemuel_reptile_caves, layout_concentric_octagons,
          minmay_slime_entry_oklob_enclosed, fungi_pond_lemuel,
          chequers_serial_rivers_micro_b, grunt_megastairs_3,
          serial_bayou_shore_b
Lair:5:   gammafunk_lair_ancient_temple, layout_long_grid,
          gauntlet_entry_generic
Spider:1: layout_cave_pods, hangedman_spider_tarantella_strand
Spider:2: layout_spider_delve, nicolae_spider_paper_wasps, uniq_mlioglotl,
          uniq_roxanne, uniq_kirke
Spider:3: layout_chambers, nicolae_spider_shape
Orc:1:    layout_caves, serial_shops, shop, enter_volcano_4
Orc:2:    grunt_orc_gardens, layout_caves, grunt_orc_garden, grunt_orc_garden,
          grunt_orc_garden, grunt_orc_garden, basic_altar,
          nicolae_shop_vocational
Elf:1:    nicolae_elf_arrival_fired_up, layout_geoelf_grid,
          hangedman_elf_represent, kilobyte_mutagenic_chamber, minmay_shop_star
Elf:2:    elven_hall_of_blades_hangedman_original
          [nicolae_vaults_blade_armed_guards], layout_gridlike, serial_glass,
          glass_columns_a, glass_columns_c, glass_columns_b, glass_columns_a,
          glass_columns_b, glass_columns_c, glass_columns_a, glass_columns_a,
          corner_web_ring

Skill      XL: |  1  2  3  4  5  6  7  8  9 10 11 12 13 14 15 |
---------------+----------------------------------------------+-----
Dodging        | 3 4 5 6 7 9 10 12 14 16 17 18 | 18.9
Fighting       | 1 2 3 5 6 7 9 10 14 13 | 14.6
Spellcasting   | 3 4 5 6 8 9 10 11 12 | 12.6
Summonings     | 5 6 7 8 10 11 12 15 14 | 15.0
Hexes          | 2 4 5 6 7 |  7.0
Air Magic      | 1 3 4 7 6 |  7.9
Invocations    | 7 5 |  7.0
Transmutations | 4 2 |  4.0
Stealth        | |  2.8

Action                   |  1- 3 |  4- 6 |  7- 9 | 10-12 | 13-15 || total
-------------------------+-------+-------+-------+-------+-------++-------
Melee: Unarmed           |    12 |    31 |    15 |    34 |    70 ||   162
       Bite              |       |     5 |       |     9 |    10 ||    24
 Cast: Summon Small Mamm |    53 |    32 |    50 |     9 |    18 ||   162
       Call Imp          |     7 |     9 |    16 |     9 |    16 ||    57
       Call Canine Famil |     6 |    26 |    43 |    44 |    54 ||   173
       Summon Guardian G |       |       |    31 |    22 |    22 ||    75
       Summon Lightning  |       |       |     9 |    73 |    73 ||   155
       Summon Mana Viper |       |       |       |    87 |   199 ||   286
       Summon Ice Beast  |       |       |       |    32 |    97 ||   129
       Monstrous Menager |       |       |       |       |   163 ||   163
Invok: Potion Petition   |       |       |       |     1 |     8 ||     9
Evoke: Wand              |       |       |       |     2 |    25 ||    27
  Use: Potion            |     1 |       |     3 |     2 |    13 ||    19
       Scroll            |     3 |     9 |    10 |     3 |    22 ||    47
 Stab: Sleeping          |     1 |     7 |       |       |       ||     8
       Distracted        |       |     1 |       |     2 |     4 ||     7
       Betrayed ally     |       |       |       |     1 |       ||     1
       Invisible         |       |       |       |       |     2 ||     2
Armor: Skin              |       |     6 |       |     2 |    40 ||    48
Dodge: Dodged            |    29 |    40 |    53 |   142 |   697 ||   961
